 Dungeon Crawl Stone Soup version 0.22-a0-596-gfbd32a6 (webtiles) character file.

1582 sking99 the Ruffian (level 8, -5/71 HPs)
             Began as a Black Draconian Transmuter on July 5, 2018.
             Was a Believer of Makhleb.
             Killed themself with a bounced orb of electricity (12 damage)
             ... on level 6 of the Dungeon.
             The game lasted 00:18:04 (6791 turns).

sking99 the Ruffian (Black Draconian Transmuter)    Turns: 6791, Time: 00:18:04

Health: -5/71      AC:  7    Str: 13    XL:     8   Next: 60%
Magic:  11/11      EV: 13    Int: 16    God:    Makhleb [**....]
Gold:   296        SH:  0    Dex: 11    Spells: 8/11 levels left

rFire    x . .     SeeInvis .     - Unarmed
rCold    + . .     Gourm    .   (no shield)
rNeg     . . .     Faith    .   (armour unavailable)
rPois    .         Spirit   .   (helmet restricted)
rElec    +         Reflect  .   t - +0 cloak
rCorr    .         Harm     .   (no gloves)
MR       .....                  (no boots)
Stlth    ++........             n - amulet of magic regeneration
HPRegen  0.21/turn              q - ring of flight
MPRegen  0.37/turn              u - ring of ice

@: no status effects
A: breathe lightning, unfitting armour, electricity resistance, cold-blooded, AC
+6
a: Breathe Lightning, Minor Destruction, Renounce Religion, Evoke Flight


You were on level 6 of the Dungeon.
You worshipped Makhleb.
Makhleb was pleased with you.
You were not hungry.

You visited 1 branch of the dungeon, and saw 6 of its levels.
You also visited: Sewer.

You collected 296 gold pieces.

Inventory:

Missiles
 a - 148 arrows (quivered)
Armour
 t - a +0 cloak (worn)
Jewellery
 d - a +2 ring of dexterity {unknown}
 j - an uncursed amulet of the gourmand
 n - an amulet of magic regeneration (around neck)
 q - a ring of flight (left hand)
 u - a ring of ice (right hand)
Wands
 o - a wand of disintegration (16)
 y - a wand of flame (46)
Scrolls
 b - a scroll of amnesia
 e - 3 scrolls of identify
 f - 2 scrolls of fog
 i - 4 scrolls of remove curse
 m - a scroll of immolation
 r - 3 scrolls of teleportation
 A - a scroll of fear {unknown}
Potions
 g - a potion of brilliance {unknown}
 h - a potion of haste {unknown}
 k - 5 potions of flight
 l - 2 potions of curing {unknown}
 p - a potion of heal wounds
 s - a potion of cancellation {unknown}
 v - a potion of degeneration {unknown}
 w - a potion of might {unknown}
 x - a potion of resistance {unknown}
 z - 2 potions of magic {unknown}
Comestibles
 c - 7 rations
 B - 7 chunks of flesh


   Skills:
 + Level 6.8 Fighting
 + Level 3.5 Dodging
 - Level 1.5 Stealth
 + Level 6.9 Unarmed Combat
 - Level 2.0 Spellcasting
 - Level 5.3 Transmutations


You had 8 spell levels left.
You knew the following spells:

 Your Spells              Type           Power        Failure   Level  Hunger
a - Beastly Appendage     Tmut           ###...       2%          1    #......
b - Sticks to Snakes      Tmut           ###.....     3%          2    ###....

Your spell library contained the following spells:

 Spells                   Type           Power        Failure   Level  Hunger
 Magic Dart               Conj           #...         21%         1    #......
 Conjure Flame            Conj/Fire      #.......     52%         3    ###....
 Slow                     Hex            #.......     30%         2    ###....
 Mephitic Cloud           Conj/Pois/Air  #.......     52%         3    ###....
 Blink                    Tloc           N/A          30%         2    ###....
 Call Imp                 Summ           #.......     30%         2    ###....
 Spider Form              Tmut/Pois      ##........   21%         3    ###....
 Blade Hands              Tmut           ###.......   54%         5    ######.
 Ice Form                 Ice/Tmut       ###.....     56%         4    #####..


Dungeon Overview and Level Annotations

Branches:
Dungeon (6/15)
 Temple: D:4-7

Altars:
Gozag
Makhleb
Sif Muna
Trog
Uskayaw
Zin


Innate Abilities, Weirdness & Mutations

You can breathe wild blasts of lightning.
Your glossy black scales are hard. (AC +6)
You cannot fit into any form of body armour.
You are resistant to electric shocks. (rElec)
You are cold-blooded and may be slowed by cold attacks.


Message History

You barely miss the centaur. The centaur closely misses you.
You hit the centaur but do no damage. The centaur misses you.
The centaur hits you!
You hit the centaur but do no damage.
Your tail-slap misses the centaur.
The centaur hits you but does no damage.
You hit the centaur but do no damage. The centaur hits you.
* * * LOW HITPOINT WARNING * * *
The centaur hits you.
* * * LOW HITPOINT WARNING * * *
You punch the centaur!
The centaur is moderately wounded.
The centaur hits you.
* * * LOW HITPOINT WARNING * * *
You hit the centaur but do no damage.
The centaur is moderately wounded.
The centaur hits you.
* * * LOW HITPOINT WARNING * * *
You breathe a wild blast of lightning!
The orb of electricity explodes!
The orb of electricity engulfs you! You resist.
You die...

....................#
... .....#...##.#...#.#
##... ...............#.#
......##..#.............
.......................#
.......((...####......
.#..#####.#.####....รท#
##.#..c####............#
.......@((....>###.##..#
.....#..###(#...........
##. ##.# #.#..###......
#.. #.#..# #..#.## #..
...... .......
#..##.#...##..#.##
#...#.#...# ..#. #
........... #


You could see a centaur.

Vanquished Creatures
  Menkaure (D:5)
  Purgy (Sewer)
  An ice beast (D:5)
  A sky beast (D:5)
  3 centaurs (D:5)
  2 bullfrogs (D:6)
  A scorpion (D:4)
  2 crimson imps (D:5)
  5 hounds
  An orc wizard (D:5)
  An orc priest (D:5)
  3 jellies (D:6)
  2 iguanas
  Terence (D:2)
  8 gnolls
  11 adders
  3 worms
  4 dart slugs
  5 leopard geckos
  3 orcs
  11 giant cockroaches
  7 goblins
  5 hobgoblins
  12 jackals
  A quokka (D:4)
  5 ball pythons
  11 bats
  8 frilled lizards
  5 kobolds
  A leopard gecko skeleton (D:4)
  A quokka skeleton (D:4)
  6 rats
132 creatures vanquished.

Vanquished Creatures (collateral kills)
  An ogre (D:6)
  A worker ant (D:4)
  3 adders
  A worm (D:2)
  A dart slug (D:3)
  A leopard gecko (D:4)
  A frilled lizard (Sewer)
  A kobold (D:2)
10 creatures vanquished.

Grand Total: 142 creatures vanquished

Notes
Turn   | Place    | Note
-------+----------+-------------------------------------------
     0 | D:1      | sking99 the Draconian Transmuter began the quest for the Orb.
     0 | D:1      | Reached XP level 1. HP: 16/16 MP: 3/3
    60 | D:1      | Reached XP level 2. HP: 9/23 MP: 3/5
   824 | D:1      | Reached XP level 3. HP: 28/28 MP: 6/6
  1008 | D:2      | Learned a level 2 spell: Sticks to Snakes
  1428 | D:2      | Reached XP level 4. HP: 35/35 MP: 7/7
  1499 | D:2      | Reached skill level 1 in Stealth
  1694 | D:2      | Reached skill level 5 in Unarmed Combat
  1694 | D:2      | Noticed Terence
  1708 | D:2      | Killed Terence
  1978 | D:2      | Reached XP level 5. HP: 40/40 MP: 8/8
  2237 | D:3      | Found a burning altar of Makhleb.
  2297 | D:3      | Became a worshipper of Makhleb the Destroyer
  2401 | D:3      | Found a bloodstained altar of Trog.
  2670 | D:4      | Found a hide-covered altar of Uskayaw.
  3068 | D:4      | Reached XP level 6. HP: 33/48 MP: 9/9
  3330 | D:4      | Found an opulent altar of Gozag.
  4046 | D:5      | Entered Level 5 of the Dungeon
  4123 | D:5      | Reached * piety under Makhleb
  4123 | D:5      | Your scales start taking on a glossy black colour.
  4123 | D:5      | Reached XP level 7. HP: 58/59 MP: 10/10
  4123 | D:5      | Gained mutation: You are resistant to electric shocks. (rElec) [Black Draconian growth]
  4587 | D:5      | Found a deep blue altar of Sif Muna.
  4832 | D:5      | Reached skill level 5 in Fighting
  4832 | D:5      | Reached skill level 5 in Transmutations
  5150 | D:5      | Noticed Menkaure
  5162 | D:5      | Killed Menkaure
  5303 | D:5      | Found a glowing silver altar of Zin.
  5394 | D:5      | Reached XP level 8. HP: 45/70 MP: 11/11
  5695 | D:6      | Found a glowing drain.
  5855 | Sewer    | Entered a sewer
  6018 | Sewer    | Noticed Purgy
  6034 | Sewer    | Killed Purgy
  6383 | D:6      | Reached ** piety under Makhleb
  6791 | D:6      | Killed themself with a bounced orb of electricity

Vault maps used:
D:1:      dpeg_arrival_erosion
D:2:      first_ration, uniq_terence
D:3:      lightli_temple_of_fire, makhleb_heckhound_becter
D:4:      grunt_gozag_breadcrumbs, lemuel_round_altar,
          nicolae_overflow_hidden_temple
D:5:      kennysheep_mini, zin_treasury, supply_closet_lemuel, uniq_menkaure
D:6:      overflow_temple_1_default, gup_sewer_entry_pipe, roderic_batcave
Sewer:    sewer_co_purgy_island

Skill      XL: |  1  2  3  4  5  6  7  8 |
---------------+-------------------------+-----
Unarmed Combat | 4 5 6 |  6.9
Stealth        | 1 |  1.5
Fighting       | 2 4 5 6 |  6.8
Transmutations | 3 5 |  5.3
Dodging        | 2 3 |  3.5
Spellcasting   | |  2.0

Action                   |  1- 3 |  4- 6 |  7- 9 || total
-------------------------+-------+-------+-------++-------
Melee: Unarmed           |   122 |   255 |   237 ||   614
       Tailslap          |     9 |    23 |    20 ||    52
       Headbutt          |     2 |       |     4 ||     6
       Punch             |     2 |     6 |     4 ||    12
       Kick              |     2 |     1 |       ||     3
 Cast: Beastly Appendage |     3 |     1 |     1 ||     5
       Sticks to Snakes  |       |     9 |     7 ||    16
 Abil: Breathe Lightning |       |       |     4 ||     4
  Use: Scroll            |       |     9 |     3 ||    12
       Potion            |       |       |     2 ||     2
 Stab: Sleeping          |     3 |     2 |     1 ||     6
       Distracted        |       |     1 |       ||     1
  Eat: Chunk             |     2 |     8 |    11 ||    21
Armor: Skin              |    30 |    59 |    88 ||   177
Dodge: Dodged            |    83 |   156 |   213 ||   452

Table legend:
 A = Spawn XP
 B = Non-spawn XP
 C = Spawn XP percentage of total XP
 D = Spawn monster count
 E = Non-spawn monster count
 F = Spawn count percentage of total count
 G = Total turns spent on level
                    A         B        C        D         E        F      G
               +---------+---------+-------+---------+---------+-------+---------
         Total |       0 |    2260 |   0.0 |       0 |     142 |   0.0 |  6791
               +---------+---------+-------+---------+---------+-------+---------
           D:1 |       0 |      44 |   0.0 |       0 |      25 |   0.0 |   927
           D:2 |       0 |     153 |   0.0 |       0 |      30 |   0.0 |  1112
           D:3 |       0 |      87 |   0.0 |       0 |      15 |   0.0 |   602
           D:4 |       0 |     336 |   0.0 |       0 |      22 |   0.0 |  1405
           D:5 |       0 |     985 |   0.0 |       0 |      17 |   0.0 |  1571
           D:6 |       0 |     506 |   0.0 |       0 |      24 |   0.0 |   688
         Sewer |       0 |     149 |   0.0 |       0 |       9 |   0.0 |   486
               +---------+---------+-------+---------+---------+-------+---------
